 Dungeon Crawl Stone Soup version 0.26-a0-466-g989023bd0d (webtiles) character file.

Game seed: 2995246864014352694

49 KristoblXynda the Slasher (level 3, 0/30 HPs)
             Began as a Draconian Gladiator on July 30, 2020.
             Killed from afar by an orc wizard (3 damage)
             ... with a magic dart
             ... on level 3 of the Dungeon.
             The game lasted 00:01:54 (2268 turns).

KristoblXynda the Slasher (Draconian Gladiator)     Turns: 2268, Time: 00:01:55

Health: 0/30       AC:  5    Str: 16    XL:     3   Next: 51%
Magic:  3/3        EV: 13    Int:  9    God:
Gold:   111        SH:  0    Dex: 12    Spells: 2/2 levels left

rFire    . . .     SeeInvis .   a - +0 long sword
rCold    . . .     Faith    .   (no shield)
rNeg     . . .     Spirit   .   (armour unavailable)
rPois    .         Reflect  .   b - +0 hat
rElec    .         Harm     .   (no cloak)
rCorr    .                      (no gloves)
MR       .....                  (no boots)
Stlth    +.........             (no amulet)
HPRegen  0.10/turn              (no ring)
MPRegen  0.08/turn              (no ring)

@: slowed, very slow
A: unfitting armour, cold-blooded, AC +5
a: no special abilities


You were on level 3 of the Dungeon.
You visited 1 branch of the dungeon, and saw 3 of its levels.

You collected 111 gold pieces.

Inventory:

Hand Weapons
 a - a +0 long sword (weapon)
Missiles
 c - 4 throwing nets (quivered)
Armour
 b - a +0 hat (worn)
Jewellery
 g - a +6 ring of intelligence {unknown}
Wands
 h - a wand of iceblast (8)
Scrolls
 d - 2 scrolls of fog
 e - a scroll of remove curse
 j - 8 scrolls of identify
 m - a scroll of teleportation {unknown}
 o - a scroll of enchant weapon
Potions
 f - a potion of might {unknown}
 k - a potion of brilliance {unknown}
 l - a potion of flight {unknown}
 n - a potion of curing {unknown}


   Skills:
 + Level 2.8 Fighting
 * Level 3.7 Long Blades
 - Level 2.0 Throwing
 + Level 3.1 Dodging


You had 2 spell levels left.
You didn't know any spells.
Your spell library was empty.

Dungeon Overview and Level Annotations

Branches:
Dungeon (3/15)

Altars:


Innate Abilities, Weirdness & Mutations

Your plain brown scales are hard. (AC +5)
You cannot fit into any form of body armour.
You are cold-blooded and may be slowed by cold attacks.


Message History

The orc wizard hits you with a +0 dagger.
Okay, then.
As you read the scroll labeled ILADIJ VAESOCW, it crumbles to dust.
It is a scroll of identify.
o - a scroll of enchant weapon The orc priest closely misses you.
You riposte.
You closely miss the orc priest. The orc wizard misses you.
As you read the scroll labeled VETTARRIWO, it crumbles to dust.
It is a scroll of amnesia.
You feel forgetful for a moment.
The orc priest casts a cantrip, but nothing happens.
The orc wizard casts a spell at you. The magic dart hits you.
The orc priest mumbles some strange prayers to Beogh against you.
Beogh smites you!
* * * LOW HITPOINT WARNING * * *
The orc hits you but does no damage.
The orc wizard points at you and mumbles some strange words.
The magic dart hits you.
You die...

### ## ⌠$#
##.. ..##
#.... §o#
#.#.§§#§#
#..o§o§§#
#...§§oo#
#...§ooo#
#.#.§§#@#
#..§.§o.#
.........
......####
######


You could see 3 orc priests, an orc wizard and 2 orcs.

Vanquished Creatures
  An adder (D:2)
  2 oozes (D:1)
  2 dart slugs
  2 leopard geckos
  2 bats
  2 giant cockroaches (D:2)
  2 goblins
  4 hobgoblins
  A ball python (D:2)
  2 frilled lizards (D:2)
  5 kobolds
  2 rats (D:1)
27 creatures vanquished.

Notes
Turn   | Place    | Note
-------+----------+-------------------------------------------
     0 | D:1      | KristoblXynda the Draconian Gladiator began the quest for
                  | the Orb.
     0 | D:1      | Reached XP level 1. HP: 17/17 MP: 1/1
    60 | D:1      | Reached XP level 2. HP: 11/25 MP: 2/2
  1139 | D:2      | Reached XP level 3. HP: 29/30 MP: 3/3
  2268 | D:3      | Killed from afar by an orc wizard

Illustrated notes

Levels and vault maps discovered:
D:1:      dpeg_arrival_tiny_j, layout_loops_ring, st_stairs_12
D:2:      layout_basic, st_stairs_6
D:3:      cheibrodos_pilgrimage, layout_loops_cross, bloody_trog, led_xom_imps,
          minmay_crystal_room

Skill      XL: |  1  2 |
---------------+-------+-----
Throwing       | 2 |  2.0
Dodging        | 3 |  3.1
Fighting       | |  2.8
Long Blades    | |  3.7

Action                   || total
-------------------------++-------
Melee: Long sword        ||    83
       Tailslap          ||     8
  Use: Scroll            ||     4
 Stab: Sleeping          ||     1
Armor: Skin              ||    19
Dodge: Dodged            ||    73
       Rpst.: Long sword ||    22

Table legend: (Time is in decaauts)
 A = Elapsed time spent in this place.
 B = Non-inter-level travel time spent in this place.
 C = Inter-level travel time spent in this place.
 D = Time resting spent in this place.
 E = Time spent auto-exploring this place.
 F = Levels seen in this place.
 G = Mean time per level.
                   A        B        C        D        E       F      G
               +--------+--------+--------+--------+--------+-----+--------+
         Total |   2288 |   2251 |     37 |    409 |   1555 |   3 |  762.7 |
       Dungeon |   2288 |   2251 |     37 |    409 |   1555 |   3 |  762.7 |
               +--------+--------+--------+--------+--------+-----+--------+

Top non-repeatable levels by time:
     D:2: 1234 daAuts
     D:1: 1045 daAuts
     D:3: 8 daAuts
